 Dungeon Crawl Stone Soup version 0.25-a0-578-gc91f01c39c (webtiles) character file.

Game seed: 3606307413009598824, levelgen mode: deterministic

19 Forecaster the Magician (level 2, 0/22 HPs)
             Began as a Naga Wizard on Mar 4, 2020.
             Succumbed to an adder's poison
             ... on level 2 of the Dungeon.
             The game lasted 00:04:25 (1329 turns).

Forecaster the Magician (Naga Wizard)               Turns: 1329, Time: 00:04:26

Health: 0/22       AC:  2    Str:  9    XL:     2   Next: 75%
Magic:  2/6        EV:  9    Int: 18    God:
Gold:   91         SH:  0    Dex:  9    Spells: 3/8 levels left

rFire    . . .     SeeInvis +   f - +0 short sword
rCold    . . .     Gourm    .   (no shield)
rNeg     . . .     Faith    .   j - +0 leather armour
rPois    +         Spirit   .   b - +0 hat
rElec    .         Reflect  .   (no cloak)
rCorr    +         Harm     .   (no gloves)
MR       .....                  (no barding)
Stlth    ++........             (no amulet)
HPRegen  0.07/turn              o - ring of resist corrosion
MPRegen  0.10/turn              (no ring)

@: lethally poisoned (0 -> -4), very slightly contaminated, very slow
A: large, see invisible, deformed body, poison resistance, slowness 2, slow
metabolism 1, spit poison 1, AC +0
a: Spit Poison


You were on level 2 of the Dungeon.
You were hungry.

You visited 1 branch of the dungeon, and saw 2 of its levels.

You collected 91 gold pieces.

Inventory:

Hand Weapons
 f - a +0 short sword (weapon)
 i - a +0 dagger
Missiles
 g - 3 stones (quivered)
 h - 16 sling bullets
 l - 21 arrows
Armour
 a - a +0 robe
 b - a +0 hat (worn)
 j - a +0 leather armour (worn)
 k - a +0 leather armour
Jewellery
 o - a ring of resist corrosion (left hand)
Scrolls
 c - 2 scrolls of fog {unknown}
 m - a scroll of enchant armour {unknown}
 n - 2 scrolls of teleportation {unknown}
 p - a scroll of amnesia {unknown}
 r - a scroll of blinking {unknown}
 s - a scroll of enchant weapon {unknown}
Potions
 e - 3 potions of curing {unknown}
Comestibles
 d - 3 rations


   Skills:
 + Level 1.6 Dodging
 + Level 3.0 Stealth
 + Level 0.2 Unarmed Combat
 + Level 3.5 Spellcasting
 + Level 1.2 Conjurations
 + Level 1.0 Summonings
 + Level 1.0 Translocations


You had 3 spell levels left.
You knew the following spells:

 Your Spells              Type           Power        Failure   Level  Hunger
a - Magic Dart            Conj           #...         13%         1    None
b - Call Imp              Summ           #.......     22%         2    ##.....
c - Blink                 Tloc           N/A          22%         2    ##.....

Your spell library contained the following spells:

 Spells                   Type           Power        Failure   Level  Hunger
 Slow                     Hex            #.......     32%         2    ##.....
 Conjure Flame            Conj/Fire      #.......     45%         3    ###....
 Mephitic Cloud           Conj/Pois/Air  #.......     50%         3    ###....


Dungeon Overview and Level Annotations

Branches:
Dungeon (2/15)

Altars:


Innate Abilities, Weirdness & Mutations

You cannot wear boots.
Your serpentine skin is tough. (AC +0)
You have supernaturally acute eyesight. (SInv)
Armour fits poorly on your strangely shaped body.
Your system is resistant to poisons. (rPois)
You cover ground very slowly.
You have a slow metabolism.
You can spit poison.


Message History

The adder barely misses you.
Casting: Magic Dart (safe; 13% risk of failure)
Confirm with . or Enter, or press ? or * to list all spells.
Aiming: Magic Dart (safe; 13% risk of failure)
Press: ? - help, Shift-Dir - straight line, f/p - adder
Aim: an adder (heavily wounded)
The magic dart hits the adder.
The adder is severely wounded.
The adder bites you.
* * * LOW HITPOINT WARNING * * *
Casting: Magic Dart (safe; 13% risk of failure)
Confirm with . or Enter, or press ? or * to list all spells.
You don't know that spell.
There isn't anything here!
Casting: Magic Dart (safe; 13% risk of failure)
Confirm with . or Enter, or press ? or * to list all spells.
You miscast Blink.
You are very lightly contaminated with residual magic.
Nothing appears to happen.
You die...

..# ###.# ...#
###..# .....
#..##
#.#.##...#
#.#...S@.#
#.######.# #.#
#.# #.######.#
#.#......#
#.#.######
#.#......#
#........#
.#.#.##..###.##


You could see an adder.

Vanquished Creatures
  A dart slug (D:1)
  2 bats (D:1)
  3 giant cockroaches (D:1)
  3 goblins (D:1)
  3 hobgoblins (D:1)
  A frilled lizard (D:1)
  3 kobolds (D:1)
  A rat (D:1)
17 creatures vanquished.

Vanquished Creatures (others)
  4 toadstools (D:1)
4 creatures vanquished.

Grand Total: 21 creatures vanquished

Notes
Turn   | Place    | Note
-------+----------+-------------------------------------------
     0 | D:1      | Forecaster the Naga Wizard began the quest for the Orb.
     0 | D:1      | Reached XP level 1. HP: 15/15 MP: 4/4
   143 | D:1      | Reached XP level 2. HP: 4/22 MP: 3/6
   149 | D:1      | Learned a level 2 spell: Call Imp
   152 | D:1      | Learned a level 2 spell: Blink
  1328 | D:2      | HP: 1/22 [adder (3)]
  1329 | D:2      | Succumbed to an adder's poison

Levels and vault maps discovered:
D:1:      ldierk_water_garden, layout_basic
D:2:      layout_basic

Action                   || total
-------------------------++-------
Melee: Unarmed           ||     4
       Short sword       ||    21
 Cast: Magic Dart        ||    31
       Call Imp          ||     1
 Stab: Sleeping          ||     1
Armor: Robe              ||     4
       Leather armour    ||     2
Dodge: Dodged            ||    14

Table legend:
 A = Non-vault XP
 B = Vault XP
 C = Vault XP percentage of total XP
 D = Non-vault monster count
 E = Vault monster count
 F = Vault count percentage of total count
                 A         B        C        D         E       F
            +---------+---------+-------+---------+---------+-------
      Total |      28 |       0 |   0.0 |      17 |       0 |   0.0
            +---------+---------+-------+---------+---------+-------
        D:1 |      28 |       0 |   0.0 |      17 |       0 |   0.0
            +---------+---------+-------+---------+---------+-------
